 Dungeon Crawl Stone Soup version 0.26.1-11-gd32895ea62 (webtiles) character file.

Game seed: 16902725112328089980

6883 KamiKatze the Destroyer (level 11, -19/54 HPs)
             Began as a Kobold Conjurer on May 1, 2021.
             Was a Priest of Vehumet.
             Killed from afar by a red draconian (20 damage)
             ... with a searing blast
             ... in a volcano.
             The game lasted 01:00:03 (11515 turns).

KamiKatze the Destroyer (Kobold Conjurer)          Turns: 11515, Time: 01:00:03

Health: -19/54     AC: 10    Str:  6    XL:     11   Next: 26%
Magic:  7/23       EV: 15    Int: 22    God:    Vehumet [***...]
Gold:   466        SH:  0    Dex: 13    Spells: 7/27 levels left

rFire    + . .     SeeInvis .   w - +3 whip (venom)
rCold    x . .     Faith    .   (shield restricted)
rNeg     . . .     Spirit   .   (no armour)
rPois    .         Reflect  .   J - +2 helmet
rElec    .         Harm     .   B - +0 cloak
rCorr    .         Rampage  .   M - +0 pair of gloves
Will     .....                  a - +0 pair of boots
Stlth    +++.......             u - amulet of magic regeneration
HPRegen  0.18/turn              z - +4 ring of protection
MPRegen  0.43/turn              n - ring of fire

@: no status effects
A: small, nightstalker 3
a: Renounce Religion


You were in a volcano.
You worshipped Vehumet.
Vehumet was most pleased with you.
You visited 3 branches of the dungeon, and saw 11 of its levels.
You also visited: Volcano.

You collected 466 gold pieces.

Inventory:

Hand Weapons
 c - a +1 short sword
 w - a +3 whip of venom (weapon)
Missiles
 j - 191 stones
 l - 11 atropa-tipped darts
 P - 26 poisoned darts (quivered)
Armour
 a - a +0 pair of boots (worn)
 d - a +0 leather armour
 B - a +0 cloak (worn)
 J - a +2 helmet (worn)
 M - a +0 pair of gloves (worn)
Magical Staves
 I - an uncursed staff of air
Jewellery
 n - a ring of fire (right hand)
 u - an amulet of magic regeneration (around neck)
 z - a +4 ring of protection (left hand)
 C - a +6 ring of dexterity
Wands
 s - a wand of paralysis (4)
 t - a wand of disintegration (11)
 G - a wand of digging (12)
 L - a wand of flame (16)
Scrolls
 b - 2 scrolls of enchant weapon
 e - 4 scrolls of teleportation
 i - 2 scrolls of amnesia {unknown}
 k - 3 scrolls of blinking {unknown}
 m - 2 scrolls of fog {unknown}
 o - 4 scrolls of magic mapping
 q - 4 scrolls of remove curse
 v - a scroll of enchant armour {unknown}
 y - 3 scrolls of random uselessness {unknown}
 F - a scroll of noise {unknown}
 K - 2 scrolls of fear {unknown}
 N - a scroll of torment {unknown}
Potions
 f - 4 potions of heal wounds
 g - 6 potions of curing
 h - a potion of ambrosia
 p - a potion of magic
 x - 4 potions of resistance
 A - a potion of cancellation
 D - 3 potions of flight
 E - a potion of haste
 H - a potion of might
 O - a potion of mutation


   Skills:
 - Level 3.0 Dodging
 - Level 3.0 Stealth
 * Level 8.7 Spellcasting
 * Level 9.0 Conjurations
 + Level 7.0 Hexes
 + Level 6.6 Translocations
 * Level 4.9 Fire Magic
 - Level 4.0 Ice Magic


You had 7 spell levels left.
You knew the following spells:

 Your Spells              Type           Power        Failure   Level
a - Magic Dart            Conj           100%         1%          1
b - Searing Ray           Conj           98%          1%          2
c - Fulminant Prism       Conj/Hex       22%          1%          4
d - Iskenderun's Mystic   Conj/Tloc      44%          1%          4
e - Fireball              Conj/Fire      28%          3%          5
f - Frozen Ramparts       Ice            54%          1%          3
j - Foxfire               Conj/Fire      100%         1%          1

Your spell library contained the following spells:

 Spells                   Type           Power        Failure   Level
 Olgreb's Toxic Radiance  Pois           9%           17%         4
 Blink                    Tloc           N/A          1%          2
 Slow                     Hex            40%          1%          2
 Conjure Flame            Conj/Fire      57%          1%          3
 Dazzling Flash           Conj/Hex       90%          1%          3
 Inner Flame              Hex/Fire       52%          1%          3
 Mephitic Cloud           Conj/Pois/Air  22%          1%          3
 Sticky Flame             Conj/Fire      57%          1%          4
 Summon Guardian Golem    Hex/Summ       25%          4%          3
 Summon Small Mammal      Summ           36%          7%          1
 Call Imp                 Summ           9%           11%         2
 Call Canine Familiar     Summ           9%           21%         3
 Summon Ice Beast         Ice/Summ       18%          30%         4
 Summon Lightning Spire   Summ/Air       9%           56%         4


Dungeon Overview and Level Annotations

Branches:
Dungeon (9/15)             Temple (1/1) D:5            Lair (1/6) D:8
Volcano (1/1)
    Orc: D:9-12

Altars:
Ashenzari
Cheibriados
Elyvilon
Fedhas
Gozag
Hepliaklqana
Makhleb
Nemelex Xobeh
Okawaru
Qazlal
Ru
Sif Muna
Trog
Uskayaw
Vehumet
Wu Jian
Xom
Yredelemnul
Zin
The Shining One

Shops:
D:7 !?

Annotations:
D:9 exclusions: adder, boulder beetle, gargoyle, howler monkey and orc wizard


Innate Abilities, Weirdness & Mutations

You are small and have problems with some larger weapons.
You are completely attuned to the shadows.


Message History

Vehumet accepts your kill.
You feel your power returning.
The gargoyle hurls a stone arrow at you.
The stone arrow hits you!!
* * * LOW HITPOINT WARNING * * *
Your fulminant prism explodes!
The blast of energy engulfs the gargoyle!!
You destroy the gargoyle!
Vehumet accepts your kill.
Vehumet offers you knowledge of Olgreb's Toxic Radiance.
You feel your power returning.
The blast of energy engulfs the red draconian!!
The red draconian is moderately wounded.
Training target 4.0 for Ice Magic reached!
Your Conjurations skill increases to level 9!
Your Hexes skill increases to level 7!
Your Ice Magic skill increases to level 4!
The red draconian breathes fire at you. The searing blast hits you!!
You resist.
You die...

##...## #..8..#
#.....##.# ###
#.....8[)# ####.####
#..⌠..#!$# ........##
##)..##)$#
.........####
##'#####+#
≈§≈≈≈......8###...#)d..
§§§≈≈≈........'.@())._.
§≈≈≈≈≈.....8###(..#)...
§§≈§≈≈≈...### ##+####+#
≈§≈ §≈≈...#### ≈
≈≈≈.....# §≈≈§§...###
§≈§§≈≈≈....#
≈§≈§≈≈§....#
≈§§§§§......#


You could see a red draconian (catching breath).

Vanquished Creatures
  A centaur warrior (Volcano)
  A gargoyle (Volcano)
  A cane toad (Lair:1)
  A komodo dragon (D:8)
  A yaktaur (Volcano)
  5 yaks (Lair:1)
  6 fire bats (Volcano)
  2 wargs (D:8)
  A water moccasin (D:8)
  An orc warrior (D:8)
  A sky beast (D:9)
  3 black bears
  An ice beast (D:8)
  2 ogres
  5 centaurs
  3 phantoms
  5 bullfrogs
  2 scorpions
  A howler monkey (D:4)
  6 lava snakes (Volcano)
  5 jellies
  2 bullfrog zombies (D:5)
  4 hounds
  An orc priest (D:8)
  A bullfrog skeleton (D:8)
  3 iguanas
  5 orc wizards
  8 worker ants
  A hound zombie (D:9)
  3 hound skeletons
  5 gnolls
  A howler monkey zombie (D:8)
  14 adders
  2 shadow imps (D:5)
  2 white imps
  An ufetubus (D:5)
  2 oozes
  An adder skeleton (D:7)
  A worm (D:2)
  3 dart slugs
  3 leopard geckos
  37 orcs
  6 bats
  4 giant cockroaches
  8 goblins
  10 hobgoblins
  10 jackals
  6 kobolds
  5 quokkas
  2 ball pythons
  8 frilled lizards
  13 rats
226 creatures vanquished.

Vanquished Creatures (others)
  2 foxfires (D:8)
  17 fulminant prisms
  6 fungi (Lair:1)
  7 plants
  4 toadstools (Lair:1)
36 creatures vanquished.

Grand Total: 262 creatures vanquished

Notes
Turn   | Place    | Note
-------+----------+-------------------------------------------
     0 | D:1      | KamiKatze the Kobold Conjurer began the quest for the Orb.
     0 | D:1      | Reached XP level 1. HP: 10/10 MP: 3/3
   363 | D:1      | Reached XP level 2. HP: 15/15 MP: 1/5
   425 | D:1      | Learned a level 2 spell: Searing Ray
   802 | D:1      | Reached XP level 3. HP: 16/19 MP: 7/7
  1490 | D:1      | Reached XP level 4. HP: 16/24 MP: 4/8
  1548 | D:1      | Learned a level 4 spell: Fulminant Prism
  1913 | D:2      | Noticed a +0 dagger
  1914 | D:2      | Noticed a +0 hand axe
  1925 | D:2      | Found a hide-covered altar of Uskayaw.
  1966 | D:2      | Reached skill level 1 in Hexes
  2004 | D:2      | Reached XP level 5. HP: 23/28 MP: 6/10
  2414 | D:2      | Reached skill level 5 in Conjurations
  2631 | D:2      | Reached XP level 6. HP: 32/32 MP: 6/11
  2848 | D:2      | Learned a level 4 spell: Iskenderun's Mystic Blast
  3478 | D:3      | Found a radiant altar of Vehumet.
  3482 | D:3      | Found a glowing golden altar of the Shining One.
  3483 | D:3      | Became a worshipper of Vehumet
  3484 | D:3      | Found an opulent altar of Gozag.
  3699 | D:3      | Found a broken altar of Ashenzari.
  3981 | D:3      | Reached skill level 1 in Translocations
  3983 | D:3      | Found a stormy altar of Qazlal.
  4138 | D:4      | Noticed an ogre
  4141 | D:4      | Killed an ogre
  4142 | D:4      | Reached XP level 7. HP: 36/36 MP: 8/13
  4305 | D:4      | Found a hazy altar of Hepliaklqana.
  5108 | D:5      | Entered Level 5 of the Dungeon
  5186 | D:5      | Reached skill level 6 in Conjurations
  5186 | D:5      | Found Gurchero's Antique Weapon Shoppe.
  5233 | D:5      | Reached XP level 8. HP: 41/41 MP: 10/15
  5253 | D:5      | Reached * piety under Vehumet
  5253 | D:5      | Offered knowledge of Foxfire by Vehumet.
  5254 | D:5      | Reached skill level 5 in Spellcasting
  5257 | D:5      | Learned a level 1 spell: Foxfire
  5689 | D:5      | Reached skill level 1 in Fire Magic
  6107 | D:5      | Found a staircase to the Ecumenical Temple.
  6265 | D:6      | Found a burning altar of Makhleb.
  7173 | D:6      | Reached XP level 9. HP: 45/45 MP: 12/17
  7175 | D:6      | Found a bloodstained altar of Trog.
  7422 | Temple   | Entered the Ecumenical Temple
  7652 | D:7      | Reached skill level 5 in Hexes
  7680 | D:7      | Reached skill level 7 in Conjurations
  7879 | D:7      | Found Xemeliki's Magic Scroll Emporium.
  7940 | D:7      | Found Ycufi's Distillery.
  8260 | D:7      | Reached ** piety under Vehumet
  8260 | D:7      | Offered knowledge of Freeze by Vehumet.
  8432 | D:8      | Reached skill level 5 in Translocations
  8459 | D:8      | Found a blossoming altar of Fedhas.
  8932 | D:8      | Found a sacrificial altar of Ru.
  9878 | D:8      | Found a staircase to the Lair.
  9991 | D:8      | Learned a level 5 spell: Fireball
 10104 | D:9      | Reached XP level 10. HP: 50/50 MP: 17/20
 10304 | D:9      | Noticed a boulder beetle
 10304 | D:9      | Noticed a gargoyle
 10415 | D:9      | Offered knowledge of Frozen Ramparts by Vehumet.
 10421 | D:9      | Learned a level 3 spell: Frozen Ramparts
 10476 | Lair:1   | Entered Level 1 of the Lair of Beasts
 10483 | Lair:1   | Reached skill level 8 in Conjurations
 10486 | Lair:1   | Reached skill level 1 in Ice Magic
 10496 | Lair:1   | Noticed a cane toad
 10535 | Lair:1   | Noticed a komodo dragon
 10566 | D:8      | Killed a komodo dragon
 10566 | D:8      | Reached *** piety under Vehumet
 10926 | Lair:1   | Killed a cane toad
 10996 | Lair:1   | Found a dark tunnel.
 11010 | Volcano  | Entered a volcano
 11331 | Volcano  | Reached XP level 11. HP: 54/54 MP: 19/23
 11500 | Volcano  | Noticed a red draconian
 11506 | Volcano  | Found a radiant altar of Vehumet.
 11506 | Volcano  | Noticed a centaur warrior
 11514 | Volcano  | Killed a centaur warrior
 11514 | Volcano  | HP: 1/54 [gargoyle/stone arrow (25)]
 11514 | Volcano  | Offered knowledge of Olgreb's Toxic Radiance by Vehumet.
 11515 | Volcano  | Reached skill level 9 in Conjurations
 11515 | Volcano  | Killed from afar by a red draconian

Illustrated notes

Levels and vault maps discovered:
D:1:      ebering_trefoil_3fold, layout_basic
D:2:      layout_basic, dancing_weapons_uskayaw
D:3:      layout_basic, lemuel_coloured_pillars_altar,
          nicolae_overflow_crystal_walls, grunt_temple_overflow_open
D:4:      minmay_inner_zag, layout_basic, nzn_hepliaklqana_mist_gate
D:5:      layout_gridville, minmay_temple_entry_from_below_b, serial_shops, shop
D:6:      kennysheep_spiral_hall, layout_loops_ring, trog_ov_bears_minmay,
          bloody_makhleb, bh_walls_and_bars
D:7:      layout_loops_ring, serial_shops, nicolae_shop_crystal,
          nicolae_shop_crystal
D:8:      layout_cave_pods, lemuel_round_altar, erik_lair_orcish_takeover,
          nicolae_ru_sacrificial_ziggurat
D:9:      nzn_winding_woodlands_cross [nzn_winding_woodlands_5x15_zeroes,
          nzn_winding_woodlands_5x15_river_crossing,
          nzn_winding_woodlands_5x15_garden, nzn_winding_woodlands_5x15_parted,
          nzn_winding_woodlands_15x15_thick_spiral], layout_stronghold,
          lemuel_doored_altar, old_standard_altar, basic_altar
Temple:   jpeg_temple_island
Lair:1:   gammafunk_lair_enchanted_lake, layout_misc_corridors, enter_volcano_2,
          grunt_megastairs_5
Volcano:  volcano_grotto [vgs_many_chambers]

Skill      XL: |  1  2  3  4  5  6  7  8  9 10 11 |
---------------+----------------------------------+-----
Stealth        | 3 |  3.0
Dodging        | 3 |  3.0
Spellcasting   | 3 4 5 7 8 |  8.7
Hexes          | 1 2 3 4 6 7 |  7.0
Conjurations   | 5 6 7 8 9 |  9.0
Translocations | 1 2 4 5 6 |  6.6
Fire Magic     | 1 4 |  4.9
Ice Magic      | 3 4 |  4.0

Action                   |  1- 3 |  4- 6 |  7- 9 | 10-12 || total
-------------------------+-------+-------+-------+-------++-------
Melee: Short sword       |    24 |    50 |     8 |       ||    82
       Whip              |       |       |    32 |    20 ||    52
Throw: Stone             |     2 |       |       |       ||     2
 Cast: Magic Dart        |    32 |    66 |    26 |       ||   124
       Searing Ray       |     3 |    23 |    55 |    22 ||   103
       Fulminant Prism   |       |       |    11 |     6 ||    17
       Iskenderun's Myst |       |       |     6 |    18 ||    24
       Foxfire           |       |       |     1 |       ||     1
  Use: Scroll            |       |     3 |    10 |     1 ||    14
       Potion            |       |     1 |       |       ||     1
 Stab: Sleeping          |     4 |     5 |     3 |     1 ||    13
Armor: Robe              |     7 |    10 |    20 |       ||    37
       Skin              |       |       |     4 |    12 ||    16
Dodge: Dodged            |    24 |    59 |    73 |    43 ||   199
